 Dungeon Crawl Stone Soup version 0.23.0-2-g0fe3ce5905 (webtiles) character file.

Game seed: 776195631846249245

283350 Jannitor the Reanimator (level 19, -8/133 HPs)
             Began as a Demigod Skald on Feb 19, 2019.
             Killed by divine providence
             ... invoked by a smoke demon
             ... summoned by a shadow demon
              (10 damage)
             ... on level 3 of the Abyss.
             The game lasted 01:58:04 (41056 turns).

Jannitor the Reanimator (Demigod Skald)            Turns: 41056, Time: 01:58:06

Health: -8/133     AC: 30    Str: 17      XL:     19   Next: 2%
Magic:  38/38      EV: 21    Int: 25 (28) God:
Gold:   3360       SH:  6    Dex: 16      Spells: 9/38 levels left

rFire    . . .     SeeInvis .   W - +3 demon trident (pain)
rCold    . . .     Gourm    .   Z - +0 buckler
rNeg     . . .     Faith    .   w - +7 chain mail "Goatius" {rElec Str+3}
rPois    .         Spirit   .   v - +2 hat {Int+3}
rElec    +         Reflect  .   f - +1 cloak
rCorr    .         Harm     .   V - +2 pair of gloves {Dex+3}
MR       ++...                  X - +1 pair of boots of Xadwoeg {Slay+2}
Stlth    ..........             D - amulet of regeneration (curse)
HPRegen  0.72/turn              B - ring of protection from magic
MPRegen  0.26/turn              e - ring of Phasing {EV+8}

@: berserk cooldown, very slightly contaminated, slowed, very slow
A: talons 1, repulsion field 1, [blurry vision 3], [clumsy 1], [frail 2], high
mp 1, [weak 2]
}: 2/15 runes: serpentine, barnacled
a: no special abilities


You were on level 3 of the Abyss.
You were hungry.

You visited 7 branches of the dungeon, and saw 35 of its levels.
You visited the Abyss 1 time.
You also visited: Ossuary, Bailey and Ice Cave.

You collected 4443 gold pieces.
You spent 1083 gold pieces at shops.

Inventory:

Hand Weapons
 E - a +5 vampiric demon trident
 W - a +3 demon trident of pain (weapon)
Missiles
 I - 13 throwing nets (quivered)
Armour
 a - +0 acid dragon scales
 b - a +2 chain mail of poison resistance
 f - a +1 cloak (worn)
 v - a +2 hat of intelligence (worn)
 w - the +7 chain mail "Goatius" (worn) {rElec Str+3}
   (You found it on level 6 of the Lair of Beasts)

   It affects your strength (+3).
   It insulates you from electricity.
 K - a +2 pair of boots of flying
 V - a +2 pair of gloves of dexterity (worn)
 X - the +1 pair of boots of Xadwoeg (worn) {Slay+2}
   (You bought it in a shop on level 2 of the Shoals)

   It affects your accuracy and damage with ranged weapons and melee attacks
   (+2).
 Z - a +0 buckler (worn)
Jewellery
 e - the ring of Phasing (right hand) {EV+8}
   (You took it off a salamander on level 3 of the Snake Pit)

   [ring of evasion]

   It affects your evasion (+8).
 o - the ring "Hasaele" {rElec rF+ Int+4 Dex-5}
   (You found it on level 4 of the Shoals)

   [ring of intelligence]

   It affects your intelligence (+4).
   It affects your dexterity (-5).
   It protects you from fire.
   It insulates you from electricity.
 B - a ring of protection from magic (left hand)
 D - a cursed amulet of regeneration (around neck)
Wands
 s - a wand of clouds (11)
 u - a wand of acid (11)
 H - a wand of digging (19)
 S - a wand of iceblast (31)
Scrolls
 c - 5 scrolls of identify
 g - 4 scrolls of fog
 k - 5 scrolls of amnesia
 l - 23 scrolls of remove curse
 m - a scroll of brand weapon
 x - 6 scrolls of magic mapping
 y - 4 scrolls of blinking
 M - 3 scrolls of fear
 P - a scroll of enchant armour
 Q - 12 scrolls of teleportation
 R - a scroll of acquirement
 T - 2 scrolls of holy word
Potions
 h - 3 potions of flight
 i - 8 potions of haste
 j - 7 potions of resistance
 n - 6 potions of mutation
 q - 2 potions of invisibility
 r - 17 potions of curing
 t - 8 potions of brilliance
 z - a potion of cancellation
 A - 7 potions of lignification
 C - 3 potions of might
 F - a potion of berserk rage
 J - 7 potions of agility
 L - 4 potions of magic
 N - 4 potions of ambrosia
Miscellaneous
 G - a fan of gales
 O - a lamp of fire
 U - a phial of floods
Comestibles
 d - 50 rations
 Y - 18 chunks of flesh


   Skills:
 + Level 14.1 Fighting
 - Level 14.0 Polearms
 * Level 13.8 Armour
 - Level 5.8 Dodging
 - Level 5.7 Shields
 - Level 10.0 Spellcasting
 - Level 10.1 Charms
 + Level 14.2 Necromancy
   Level 2.9 Ice Magic
 - Level 5.6 Air Magic
 - Level 8.3 Poison Magic


You had 9 spell levels left.
You knew the following spells:

 Your Spells              Type           Power        Failure   Level  Hunger
a - Infusion              Chrm           ####         1%          1    None
b - Song of Slaying       Chrm           ######..     1%          2    None
c - Shroud of Golubria    Chrm/Tloc      #####.....   7%          2    None
d - Spectral Weapon       Hex/Chrm       #####...     14%         3    None
e - Regeneration          Chrm/Necr      ######....   1%          3    None
f - Olgreb's Toxic Radia  Pois           ######..     12%         4    None
g - Poisonous Vapours     Pois/Air       #####.       3%          2    None
h - Death Channel         Necr           ######....   17%         6    #####..
i - Deflect Missiles      Chrm/Air       ######....   92%         6    #####..

Your spell library contained the following spells:

 Spells                   Type           Power        Failure   Level  Hunger
 Animate Skeleton         Necr           N/A          1%          1    None
 Pain                     Necr           ####         1%          1    None
 Vampiric Draining        Necr           ######....   1%          3    None
 Animate Dead             Necr           N/A          1%          4    None
 Sting                    Conj/Pois      ####         7%          1    None
 Ozocubu's Armour         Chrm/Ice       #####...     8%          3    None
 Freeze                   Ice            ####         11%         1    None
 Mephitic Cloud           Conj/Pois/Air  #####...     17%         3    None
 Ensorcelled Hibernation  Hex/Ice        ###...       30%         2    None
 Throw Frost              Conj/Ice       ###...       30%         2    None
 Corona                   Hex            ##.....      36%         1    None
 Sandblast                Erth           ##....       36%         1    None
 Passwall                 Tmut/Erth      ##......     50%         2    None
 Slow                     Hex            ##......     50%         2    None
 Borgnjor's Vile Clutch   Necr/Erth      #####.....   50%         5    ####...
 Confuse                  Hex            ##......     73%         3    None
 Dazzling Spray           Conj/Hex       ##....       73%         3    None
 Inner Flame              Hex/Fire       ##......     73%         3    None
 Portal Projectile        Hex/Tloc       ##....       73%         3    None
 Recall                   Summ/Tloc      N/A          73%         3    None
 Stone Arrow              Conj/Erth      ##....       73%         3    None
 Tukima's Dance           Hex            ##......     73%         3    None
 Simulacrum               Ice/Necr       ######....   86%         6    #####..
 Venom Bolt               Conj/Pois      ####......   88%         5    ####...
 Ice Form                 Ice/Tmut       ###.....     90%         4    None
 Summon Ice Beast         Ice/Summ       ###.....     90%         4    None
 Throw Icicle             Conj/Ice       ###.....     90%         4    None
 Silence                  Hex/Air        ####......   97%         5    ####...
 Cause Fear               Hex            ##........   98%         4    None
 Leda's Liquefaction      Hex/Erth       ##........   98%         4    None
 Petrify                  Tmut/Erth      ##......     98%         4    None
 Metabolic Englaciation   Hex/Ice        ###.......   99%         5    ####...
 Lee's Rapid Deconstruct  Erth           ##........   100%        5    ####...
 Yara's Violent Unravell  Hex/Tmut       ##........   100%        5    ####...
 Bolt of Cold             Conj/Ice       ###.......   100%        6    #####..
 Freezing Cloud           Conj/Ice/Air   ####......   100%        6    #####..
 Ozocubu's Refrigeration  Ice            ####......   100%        6    #####..
 Discord                  Hex            ##........   100%        8    #######


Dungeon Overview and Level Annotations

Branches:
Dungeon (15/15)            Temple (1/1) D:6            Lair (6/6) D:11
 Shoals (4/4) Lair:2        Snake (4/4) Lair:4        Slime (0/5) Lair:5
    Orc (2/2) D:9             Elf (0/3) Orc:2        Vaults (3/5) D:14
  Crypt (0/3) Vaults:2     Depths (0/5) D:15

Shops:
D:9 *   Orc:2 (*}*   Shoals:2 [   Vaults:2 !   Vaults:3 *

Portals:
Trove: D:15 (give 2 scrolls of acquirement)

Annotations:
D:12 3 runed translucent doors, wont's ghost, journeyman HOMo


Innate Abilities, Weirdness & Mutations

You have an increased reservoir of magic. (+10% MP)
You have sharp toenails.
You are surrounded by a mild repulsion field. (EV +2)
[Scrolls take you much longer to read.]
[You are clumsy. (Dex -2)]
[You are very frail. (-20% HP)]
[You are very weak. (Str -4)]


Message History

Your slimy green scales disappear.
The sun demon closely misses you.
You begin reading the scroll.
You continue reading the scroll.
The large abomination hits you but does no damage.
The sun demon misses you.
The neqoxec gestures.
The large abomination misses you. The sun demon misses you.
The neqoxec gestures at you.
Strange energies course through your body.
You continue reading the scroll.
The ufetubus barely misses you.
The ufetubus hits you but does no damage.
The sun demon hits you!
* * * LOW HITPOINT WARNING * * *
You are engulfed in flames!
* * * LOW HITPOINT WARNING * * *
The large abomination closely misses you.
The smoke demon gestures at you. Something smites you!
You die...

#. .# #..##
.#. ##...#
... #
#....#3.# #.
#..#.#3# #.
#..X#2#
#...#X33#
#..@# # .
#.5..3#.
##.###..# ##
#..# .#... #
#....#.###..#
. . #...## .
##. # ####
.#.. # ## #
.. .# . # .
.. #.#


You could see a sun demon, a shadow demon, 2 large abominations, 3 smoke demons,
a neqoxec and an ufetubus.

Vanquished Creatures
  Polyphemus (Shoals:2)
  A kraken (Shoals:3)
  Gastronok (Lair:2)
  A sphinx (Vaults:3)
  3 nagarajas
  4 vault wardens
  A deep elf sorcerer (Vaults:3)
  2 frost giants
  2 orc warlords
  2 very ugly things (Vaults:3)
  6 ironheart preservers
  An entropy weaver (Vaults:3)
  Nessos (D:15)
  A stone giant (Vaults:2)
  A deep elf demonologist (Vaults:2)
  Azrael (Lair:4)
  A deep elf death mage (Vaults:2)
  2 merfolk javelineers
  An ettin (Vaults:3)
  A fire dragon (D:15)
  Josephine (Shoals:1)
  2 yaktaur captains (Vaults:3)
  4 great orbs of eyes
  4 merfolk impalers
  5 vault guards
  5 ogre magi
  4 hydras
  8 naga warriors
  2 ice dragons
  Harold (Lair:2)
  A rakshasa (Vaults:3)
  4 merfolk aquamancers (Shoals:4)
  5 merfolk avatars
  4 centaur warriors
  20 two-headed ogres
  12 anacondas
  A death yak (IceCv)
  2 thrashing horrors (Abyss:3)
  2 orc high priests
  2 deep elf knights
  Urug (Lair:4)
  9 naga sharpshooters
  3 shock serpents (Snake:4)
  A wretched star (Abyss:3)
  5 sea snakes
  4 salamander mystics (Snake:4)
  8 skeletal warriors
  3 deep trolls
  4 wizards
  A golden dragon zombie (D:15)
  2 sixfirhies
  A glowing orange brain (Abyss:3)
  7 ironbrand convokers
  2 deep elf archers (Vaults:2)
  A harpy (shapeshifter) (Vaults:3)
  15 harpies
  3 naga ritualists
  2 lindwurms (Snake:4)
  2 phantasmal warriors
  5 mana vipers
  A necromancer (D:15)
  7 orc knights
  A wolf spider (Vaults:2)
  A fire giant zombie (D:15)
  16 ugly things
  2 fauns (Shoals:2)
  A cyclops (shapeshifter) (Vaults:2)
  7 deep elf magi
  5 cyclopes
  4 orc sorcerers
  10 manticores
  2 salamanders
  8 elephants
  6 guardian serpents
  6 merfolk sirens
  13 naga magi
  36 black mambas
  10 spiny frogs
  A torpor snail (Lair:6)
  3 vault sentinels
  4 water nymphs
  An ice statue (IceCv)
  3 centaur skeletons
  2 gargoyles
  A rime drake (Lair:1)
  2 freezing wraiths
  A kobold demonologist (D:14)
  14 merfolk
  6 komodo dragons
  10 yaktaurs
  3 wind drakes
  9 trolls
  6 hornets
  Grinder (D:6)
  22 polar bears
  2 blink frogs (Lair:6)
  13 dream sheep
  A slime creature (Vaults:1)
  A meliai zombie (D:12)
  11 hippogriffs
  4 snapping turtles
  A centaur simulacrum (D:14)
  7 spriggans
  An alligator skeleton (Abyss:3)
  6 large abominations
  3 shadows
  3 wyverns
  5 water elementals
  36 yaks
  4 wraiths
  2 basilisks
  3 hogs (D:8)
  A human (D:8)
  A hungry ghost (D:14)
  3 vampire mosquitoes (D:12)
  6 wargs
  24 nagas
  2 acid dragons
  A water moccasin (shapeshifter) (Vaults:2)
  15 water moccasins
  5 hell hounds
  7 porcupines
  10 black bears
  41 orc warriors
  3 ice beasts
  2 sky beasts
  An eye of draining (Lair:2)
  26 ogres
  7 small abominations (D:14)
  A phantom (D:13)
  43 wolves
  11 centaurs
  3 boggarts (D:14)
  9 crocodiles
  A big kobold (D:13)
  2 wyvern zombies
  14 bullfrogs
  9 gnoll sergeants
  A water moccasin zombie (D:10)
  2 scorpions
  2 human simulacra
  An elf simulacrum (Vaults:1)
  7 killer bees
  6 wights
  5 howler monkeys
  9 crimson imps
  9 centaur zombies
  2 bullfrog zombies (Ossuary)
  3 jellies
  5 hounds
  4 bullfrog skeletons
  23 orc priests
  6 gnoll shamans (Bailey)
  29 orc wizards
  4 iguanas
  Ijyb (D:3)
  9 worker ants
  4 killer bee zombies
  2 hound zombies (Ossuary)
  A hound skeleton (D:7)
  13 mummies (Ossuary)
  A howler monkey zombie (Ossuary)
  4 worker ant zombies (Ossuary)
  27 gnolls
  18 adders
  5 shadow imps
  An ooze (D:2)
  2 adder skeletons
  4 adder zombies
  A worm (D:2)
  3 dart slugs
  7 leopard geckos
  98 orcs
  5 ball pythons
  7 giant cockroaches
  22 goblins
  9 hobgoblins
  12 jackals
  3 quokkas
  8 bats
  2 frilled lizards
  A giant cockroach zombie (Ossuary)
  2 gnoll zombies (D:3)
  15 kobolds
  A leopard gecko zombie (Ossuary)
  A quokka skeleton (D:7)
  3 quokka zombies
  2 rats (D:1)
  A plant (Shoals:2)
  3 tentacles
1194 creatures vanquished.

Vanquished Creatures (collateral kills)
  A kraken (Shoals:2)
  Kirke (Snake:2)
  3 nagarajas (Snake:4)
  Ilsuiw (Shoals:2)
  3 vault wardens
  A very ugly thing (Vaults:3)
  A stone giant (Vaults:3)
  4 ironheart preservers
  8 merfolk impalers
  5 merfolk javelineers
  5 ogre magi
  2 yaktaur captains (Vaults:3)
  A vault guard (Vaults:1)
  2 merfolk avatars (Shoals:3)
  A catoblepas (Shoals:2)
  An alligator snapping turtle (Shoals:4)
  9 naga warriors
  8 anacondas
  5 centaur warriors
  2 merfolk aquamancers (Shoals:4)
  14 two-headed ogres
  A satyr (Shoals:2)
  4 death yaks (Shoals:2)
  5 naga sharpshooters
  A deep elf knight (Vaults:3)
  2 shock serpents (Snake:4)
  3 skeletal warriors (Vaults:2)
  2 salamander mystics (Snake:4)
  A shadow wraith (Vaults:3)
  4 sea snakes
  A flayed ghost (Vaults:2)
  A wizard (Vaults:2)
  A glowing orange brain (Vaults:2)
  3 deep trolls
  15 harpies
  5 naga ritualists
  3 ironbrand convokers
  2 lindwurms (Snake:4)
  A deep elf archer (Vaults:3)
  A tengu zombie (D:15)
  8 mana vipers
  4 ugly things
  A necromancer (Vaults:2)
  An orc knight (Orc:2)
  7 manticores
  An orc sorcerer (Orc:2)
  3 salamanders
  5 fauns
  An oklob plant (Lair:6)
  2 cyclopes
  An elephant (Lair:6)
  6 merfolk sirens
  10 black mambas
  4 guardian serpents
  2 vault sentinels
  12 naga magi
  4 water nymphs
  A gargoyle (D:14)
  7 yaktaurs
  A spriggan zombie (D:15)
  2 kobold demonologists (D:14)
  12 merfolk
  A troll (Orc:2)
  A wind drake (Shoals:4)
  A polar bear (Lair:6)
  2 hornets (Lair:6)
  A blink frog (Lair:6)
  4 hippogriffs
  4 snapping turtles
  6 dream sheep
  5 spriggans (Lair:6)
  2 water elementals
  A yak (shapeshifter) (Vaults:2)
  A wraith (Shoals:1)
  7 yaks
  A vampire (D:13)
  A wyvern (Lair:6)
  A basilisk (shapeshifter) (Vaults:1)
  A yaktaur simulacrum (Vaults:3)
  14 nagas
  A hell hound (Lair:4)
  4 orc warriors
  3 boggarts (Lair:6)
  15 ogres
  6 wolves (Lair:6)
  5 centaurs
  3 crocodiles (Lair:6)
  A wight (D:14)
  An orc priest (Orc:2)
  6 orc wizards
  7 orcs
  A kobold (D:14)
  2 bushes (Shoals:3)
  2 butterflies (Lair:6)
  5 fungi (Lair:6)
  16 plants
  A tentacle (Shoals:2)
362 creatures vanquished.

Vanquished Creatures (others)
  A salamander mystic (Snake:4)
  A mana viper (Snake:4)
  A polar bear (IceCv)
  A yak (IceCv)
  4 humans (Snake:2)
  7 wolves (IceCv)
  A boggart (D:14)
  An orc wizard (Orc:1)
  An orc (Orc:2)
  11 fungi
  8 plants
  24 spectral weapons
  67 tentacles
  2 withered plants (Ossuary)
130 creatures vanquished.

Grand Total: 1686 creatures vanquished

Notes
Turn   | Place    | Note
-------+----------+-------------------------------------------
     0 | D:1      | Jannitor the Demigod Skald began the quest for the Orb.
     0 | D:1      | Reached XP level 1. HP: 17/17 MP: 5/5
     2 | D:1      | Noticed a naga
     2 | D:1      | Noticed a merfolk
     4 | D:1      | Noticed an ogre
     4 | D:1      | Noticed a spriggan
     6 | D:1      | Noticed a demigod
     9 | D:1      | Noticed a formicid
     9 | D:1      | Noticed an octopode
    11 | D:1      | Noticed a draconian
    13 | D:1      | Noticed a felid
    13 | D:1      | Noticed a dwarf
    15 | D:1      | Noticed a human
    15 | D:1      | Noticed a ghoul
    17 | D:1      | Noticed a demonspawn
    17 | D:1      | Noticed a tengu
    19 | D:1      | Noticed a vampire
    19 | D:1      | Noticed a centaur
    21 | D:1      | Noticed a minotaur
    23 | D:1      | Noticed a vine stalker
    25 | D:1      | Noticed an elf
    25 | D:1      | Noticed a troll
    27 | D:1      | Noticed a halfling
    27 | D:1      | Noticed a gargoyle
    70 | D:1      | Reached skill level 1 in Armour
   137 | D:1      | Reached XP level 2. HP: 16/24 MP: 7/7
   360 | D:1      | Learned a level 2 spell: Song of Slaying
   363 | D:1      | Learned a level 2 spell: Shroud of Golubria
   513 | D:1      | Reached XP level 3. HP: 26/29 MP: 8/8
   773 | D:2      | Reached XP level 4. HP: 13/36 MP: 2/9
  1827 | D:2      | Found an opulent altar of Gozag.
  2205 | D:3      | Noticed Ijyb
  2528 | D:3      | Reached XP level 5. HP: 41/42 MP: 11/11
  2531 | D:3      | Found a stormy altar of Qazlal.
  2645 | D:3      | Found a basalt altar of Yredelemnul.
  2748 | D:2      | Learned a level 3 spell: Spectral Weapon
  2758 | D:3      | Killed Ijyb
  3304 | D:4      | Reached XP level 6. HP: 51/51 MP: 8/13
  3369 | D:4      | Got a translucent hunting sling
  3370 | D:4      | Identified the +9 hunting sling "Huel Jomp" {velocity,
                  | rElec rC+ SInv} (You found it on level 4 of the Dungeon)
  3725 | D:5      | Entered Level 5 of the Dungeon
  3725 | D:5      | Noticed a troll
  4267 | D:5      | Reached XP level 7. HP: 35/57 MP: 5/14
  4336 | D:5      | Learned a level 3 spell: Regeneration
  4757 | D:5      | Found a radiant altar of Vehumet.
  4906 | D:6      | Noticed Grinder
  4906 | D:6      | Paralysed by Grinder for 6 turns
  4921 | D:6      | Killed Grinder
  5297 | D:6      | Found a deep blue altar of Sif Muna.
  5599 | D:6      | Found a staircase to the Ecumenical Temple.
  5614 | Temple   | Entered the Ecumenical Temple
  5866 | D:6      | Reached XP level 8. HP: 52/66 MP: 16/16
  6072 | D:7      | Noticed a hippogriff
  6083 | D:7      | Killed a hippogriff
  6130 | D:7      | Reached skill level 5 in Charms
  6220 | D:7      | Found a sand-covered staircase.
  6224 | Ossuary  | Entered an ossuary
  6474 | Ossuary  | Reached XP level 9. HP: 72/73 MP: 19/19
  6482 | Ossuary  | Reached skill level 5 in Dodging
  6491 | Ossuary  | Reached skill level 5 in Fighting
  6590 | Ossuary  | Reached skill level 5 in Polearms
  6641 | D:7      | Noticed a purple ugly thing
  6758 | D:5      | Found a radiant altar of Vehumet.
  7644 | D:7      | Found an iron altar of Okawaru.
  7646 | D:7      | Found a hide-covered altar of Uskayaw.
  7647 | D:7      | Found a blossoming altar of Fedhas.
  7674 | D:7      | Found a sparkling altar of Nemelex Xobeh.
  7755 | D:7      | Reached skill level 5 in Armour
  8260 | D:8      | Noticed a two-headed ogre
  8301 | D:7      | Reached skill level 5 in Spellcasting
  8428 | D:8      | Got an ebony spear
  8429 | D:8      | Identified the +6 spear of Checkmate {flame, MR+ Dex+2}
                  | (You found it on level 8 of the Dungeon)
  8745 | D:8      | Killed a two-headed ogre
  8923 | D:8      | Learned a level 4 spell: Olgreb's Toxic Radiance
  8947 | D:8      | Learned a level 2 spell: Poisonous Vapours
  8970 | D:8      | Reached skill level 1 in Poison Magic
  8976 | D:8      | Reached XP level 10. HP: 78/83 MP: 19/21
  9068 | D:8      | Found a radiant altar of Vehumet.
  9232 | D:9      | Found Paubraor's General Store.
  9240 | D:9      | Bought a potion of agility for 56 gold pieces
  9240 | D:9      | Bought a potion of curing for 42 gold pieces
  9558 | D:9      | Gained mutation: [You are frail. (-10% HP)] [potion of
                  | mutation]
  9558 | D:9      | Gained mutation: You possess an exceptional clarity of
                  | mind. [potion of mutation]
  9558 | D:9      | Gained mutation: You are partially covered in slimy green
                  | scales. (AC +2) [potion of mutation]
  9559 | D:9      | Lost mutation: [You are frail. (-10% HP)] [potion of
                  | mutation]
  9559 | D:9      | Lost mutation: You possess an exceptional clarity of mind.
                  | [potion of mutation]
  9559 | D:9      | Gained mutation: You have sharp toenails. [potion of
                  | mutation]
  9559 | D:9      | Gained mutation: You are surrounded by a mild repulsion
                  | field. (EV +2) [potion of mutation]
  9860 | D:9      | Found a sparkling altar of Nemelex Xobeh.
 10296 | D:9      | Found a staircase to the Orcish Mines.
 10389 | D:10     | Entered Level 10 of the Dungeon
 10468 | D:10     | Noticed a deep elf mage
 10482 | D:10     | Killed a deep elf mage
 10769 | D:10     | Noticed a two-headed ogre
 10780 | D:10     | Killed a two-headed ogre
 10780 | D:10     | Reached skill level 5 in Poison Magic
 11358 | D:11     | Reached XP level 11. HP: 80/92 MP: 21/24
 11418 | D:11     | Found a frozen archway.
 11419 | D:11     | Noticed an ice dragon
 11463 | D:11     | Killed an ice dragon
 11557 | IceCv    | Entered an ice cave
 12643 | IceCv    | Noticed a death yak
 12643 | IceCv    | Noticed a frost giant
 12654 | IceCv    | Killed a frost giant
 12656 | IceCv    | Killed a death yak
 12817 | IceCv    | Reached XP level 12. HP: 103/103 MP: 23/27
 12834 | IceCv    | Identified Sif Muna's Collected Works on Hexes
 12889 | D:11     | Learned a level 4 spell: Summon Ice Beast
 13024 | D:11     | Reached skill level 1 in Ice Magic
 13079 | D:11     | Found a staircase to the Lair.
 13716 | Lair:1   | Entered Level 1 of the Lair of Beasts
 13801 | Lair:1   | Noticed a four-headed hydra
 13809 | Lair:1   | Killed a four-headed hydra
 14246 | Lair:1   | Reached skill level 1 in Necromancy
 14520 | Lair:2   | Noticed Sonja
 14521 | Lair:2   | Noticed Sonja
 14521 | Lair:2   | Sonja changed into Sonja the eye of draining
 14537 | Lair:2   | Killed Sonja the eye of draining
 14568 | Lair:2   | Noticed Harold
 14600 | Lair:2   | Killed Harold
 14648 | Lair:2   | Noticed Gastronok
 14736 | Lair:2   | Killed Gastronok
 14998 | Lair:2   | Found a staircase to the Shoals.
 15329 | Lair:3   | Learned a level 6 spell: Deflect Missiles
 15561 | Lair:3   | Reached skill level 1 in Shields
 15711 | Lair:3   | Noticed an eight-headed hydra
 15726 | Lair:3   | Killed an eight-headed hydra
 15785 | Lair:3   | Found a shattered altar of Ashenzari.
 16540 | Lair:4   | Noticed Urug
 16604 | Lair:4   | Killed Urug
 16604 | Lair:4   | Reached XP level 13. HP: 96/111 MP: 6/30
 16772 | Lair:4   | Reached skill level 5 in Necromancy
 16861 | Lair:4   | Found a staircase to the Snake Pit.
 17842 | Lair:5   | Found a viscous altar of Jiyva.
 17842 | Lair:5   | Found a staircase to the Slime Pits.
 18585 | Lair:6   | Entered Level 6 of the Lair of Beasts
 18619 | Lair:6   | Paralysed by a hornet for 2 turns
 18871 | Orc:1    | Entered Level 1 of the Orcish Mines
 19156 | Orc:1    | Found a flagged portal.
 19167 | Bailey   | Entered a bailey
 20289 | Orc:2    | Entered Level 2 of the Orcish Mines
 20289 | Orc:2    | Noticed an orc warlord
 20683 | Orc:1    | Learned a level 6 spell: Death Channel
 20776 | Orc:2    | Reached skill level 10 in Fighting
 20797 | Orc:2    | Reached skill level 10 in Polearms
 20810 | Orc:2    | Reached XP level 14. HP: 121/121 MP: 11/32
 20825 | Orc:2    | Found Ykeozaut's Antique Weapon Shop.
 20825 | Orc:2    | Found Dypod's Gadget Shoppe.
 20826 | Orc:2    | Found Huefexug's General Store.
 20826 | Orc:2    | Found Rasanit's Assorted Antiques.
 20835 | Orc:2    | Bought a pair of glowing boots for 247 gold pieces
 20841 | Orc:2    | Bought a potion of curing for 45 gold pieces
 21023 | Orc:2    | Found a staircase to the Elven Halls.
 21128 | Orc:2    | Killed an orc warlord
 21729 | D:12     | Found a runed translucent gate.
 21729 | D:12     | Found a runed translucent gate.
 21735 | D:12     | Found a runed translucent gate.
 21735 | D:12     | Noticed wont's ghost (journeyman HOMo)
 21755 | D:12     | Found an iron altar of Okawaru.
 22650 | D:13     | Reached skill level 5 in Shields
 22741 | D:13     | Found a runed translucent door.
 23743 | D:14     | Found a gate to the Vaults.
 23743 | D:14     | Noticed an ironheart preserver
 23755 | D:14     | Killed an ironheart preserver
 23778 | D:14     | Identified a scroll of acquirement
 23962 | D:14     | Noticed an orc warlord
 23996 | D:14     | Killed an orc warlord
 24191 | D:14     | Found a roughly hewn altar of Beogh.
 24643 | D:14     | Identified the +2 mace of Zasm {crush, Str+3}
 24816 | Shoals:1 | Entered Level 1 of the Shoals
 24863 | Shoals:1 | Reached skill level 1 in Air Magic
 25312 | Shoals:1 | Found a runed translucent door.
 25373 | Shoals:1 | Reached XP level 15. HP: 52/128 MP: 3/33
 25725 | Shoals:1 | Noticed Josephine
 25738 | Shoals:1 | Killed Josephine
 26253 | Shoals:2 | Reached skill level 10 in Necromancy
 26442 | Shoals:2 | Noticed a kraken
 26458 | Shoals:2 | Killed a kraken
 26562 | Shoals:2 | Noticed Polyphemus
 26593 | Shoals:2 | Killed Polyphemus
 26639 | Shoals:2 | Found Querrerch's Antique Armour Boutique.
 26648 | Shoals:2 | Bought a pair of spiked boots for 285 gold pieces
 26648 | Shoals:2 | Identified the +1 pair of boots of Xadwoeg {Slay+2} (You
                  | bought it in a shop on level 2 of the Shoals)
 26707 | Shoals:2 | Noticed Ilsuiw
 26760 | Shoals:2 | Killed Ilsuiw
 27891 | Shoals:3 | Noticed a kraken
 28547 | Shoals:3 | Killed a kraken
 28708 | Shoals:4 | Entered Level 4 of the Shoals
 29036 | Shoals:4 | Got a faintly glowing iron ring
 29038 | Shoals:4 | Identified the ring "Hasaele" {rElec rF+ Int+4 Dex-5} (You
                  | found it on level 4 of the Shoals)
 29429 | Shoals:4 | Reached XP level 16. HP: 106/138 MP: 23/34
 29561 | Shoals:4 | Got a barnacled rune of Zot
 29861 | Shoals:4 | Reached skill level 5 in Air Magic
 30188 | Lair:6   | Reached skill level 10 in Charms
 30287 | Lair:6   | Found a deep blue altar of Sif Muna.
 30753 | Lair:6   | Identified the +7 chain mail "Goatius" {rElec Str+3} (You
                  | found it on level 6 of the Lair of Beasts)
 30763 | Lair:6   | Identified the cursed +2 longbow "Xogaorr" {flame, Int+4}
                  | (You found it on level 6 of the Lair of Beasts)
 31246 | D:15     | Entered Level 15 of the Dungeon
 31246 | D:15     | Noticed Nessos
 31258 | D:15     | Killed Nessos
 31609 | D:15     | Found a staircase to the Depths.
 31665 | D:15     | Found a shadowy altar of Dithmenos.
 31754 | D:15     | Reached skill level 10 in Spellcasting
 31779 | D:15     | Found a portal to a secret trove of treasure.
 32217 | Snake:1  | Entered Level 1 of the Snake Pit
 32232 | Snake:1  | Noticed Azrael
 32313 | Lair:4   | Killed Azrael
 33158 | Snake:2  | Noticed Kirke
 33167 | Snake:2  | Killed Kirke
 34026 | Snake:3  | Reached XP level 17. HP: 73/148 MP: 26/36
 34714 | Snake:3  | Reached skill level 10 in Armour
 35177 | Snake:4  | Entered Level 4 of the Snake Pit
 36688 | Snake:4  | Got a serpentine rune of Zot
 37029 | Vaults:1 | Entered Level 1 of the Vaults
 37930 | Vaults:1 | Reached XP level 18. HP: 88/157 MP: 34/37
 39069 | Vaults:2 | Found Jafodd's Distillery.
 39077 | Vaults:2 | Bought a potion of resistance for 170 gold pieces
 39077 | Vaults:2 | Bought a potion of haste for 170 gold pieces
 39077 | Vaults:2 | Bought a potion of agility for 68 gold pieces
 39176 | Vaults:2 | Noticed a Tzitzimitl
 39284 | Vaults:2 | Found a staircase to the Crypt.
 39986 | Vaults:3 | Upgraded the game from 0.23.0 to 0.23.0-2-g0fe3ce5905
 40225 | Vaults:3 | Found Vikel's General Store.
 40909 | Vaults:3 | Cast into level 3 of the Abyss (vault warden)
 40994 | Abyss:3  | Reached XP level 19. HP: 167/167 MP: 38/38
 41054 | Abyss:3  | Lost mutation: You are partially covered in slimy green
                  | scales. (AC +2) [a neqoxec]
 41056 | Abyss:3  | HP: 2/133 [sun demon[a shadow demon] (13)]
 41056 | Abyss:3  | Killed from afar by a smoke demon

Skill      XL: |  1  2  3  4  5  6  7  8  9 10 11 12 13 14 15 16 17 18 |
---------------+-------------------------------------------------------+-----
Armour         | 1 2 3 4 5 7 9 11 13 | 13.8
Dodging        | 2 3 4 5 |  5.8
Fighting       | 2 3 4 6 7 8 9 10 11 12 13 14 | 14.1
Spellcasting   | 2 3 4 5 6 7 8 9 10 | 10.0
Polearms       | 2 3 4 5 7 8 9 10 11 12 13 14 | 14.0
Charms         | 3 4 5 6 7 8 9 10 | 10.1
Poison Magic   | 1 5 8 |  8.3
Ice Magic      | 2 |  2.9
Necromancy     | 4 7 9 11 12 13 14 | 14.2
Shields        | 1 4 5 |  5.7
Air Magic      | 1 4 5 |  5.6

Action                   |  1- 3 |  4- 6 |  7- 9 | 10-12 | 13-15 | 16-18 | 19-21 || total
-------------------------+-------+-------+-------+-------+-------+-------+-------++-------
Melee: Spear             |   134 |   118 |       |    55 |       |       |       ||   307
       Trident           |       |   147 |   498 |  1093 |  1020 |       |       ||  2758
       Kick              |       |       |       |   362 |   145 |       |       ||   507
       Demon trident     |       |       |       |       |   693 |  1881 |    45 ||  2619
 Fire: Hunting sling     |       |    16 |    44 |    24 |       |       |       ||    84
       Blowgun           |       |       |       |     6 |       |       |       ||     6
Throw: Throwing net      |       |       |       |     1 |       |       |       ||     1
 Cast: Infusion          |     4 |     7 |     1 |     1 |       |       |       ||    13
       Shroud of Golubri |     1 |     3 |     4 |     1 |     2 |       |       ||    11
       Song of Slaying   |       |     4 |     3 |    15 |    11 |     6 |       ||    39
       Spectral Weapon   |       |     6 |    25 |    55 |    56 |    24 |       ||   166
       Regeneration      |       |       |    13 |    31 |    56 |    50 |       ||   150
       Olgreb's Toxic Ra |       |       |       |    16 |    94 |    13 |       ||   123
       Poisonous Vapours |       |       |       |     7 |    24 |     2 |       ||    33
       Death Channel     |       |       |       |       |    40 |    73 |       ||   113
       Deflect Missiles  |       |       |       |       |     1 |     5 |       ||     6
Evoke: Wand              |       |       |     2 |    10 |     9 |     3 |       ||    24
       Phial of floods   |       |       |       |       |     2 |       |       ||     2
       Fan of gales      |       |       |       |       |     1 |       |       ||     1
       Lamp of fire      |       |       |       |       |     1 |       |       ||     1
  Use: Potion            |       |     6 |     3 |     8 |    12 |     1 |       ||    30
       Scroll            |       |     9 |    20 |     6 |    26 |    11 |       ||    72
 Stab: Sleeping          |     3 |     1 |       |       |     1 |       |       ||     5
       Distracted        |       |       |     4 |     7 |    24 |    44 |       ||    79
       Confused          |       |       |     3 |     2 |     8 |       |       ||    13
       Held in net/web   |       |       |       |     1 |       |       |       ||     1
       Invisible         |       |       |       |       |     1 |       |       ||     1
       Petrified         |       |       |       |       |     4 |       |       ||     4
  Eat: Chunk             |       |    12 |    12 |    24 |    49 |    46 |       ||   143
       Ration            |       |       |     2 |     4 |     5 |     6 |       ||    17
Armor: Leather armour    |    30 |    21 |       |       |       |       |       ||    51
       Ring mail         |       |    74 |   214 |   394 |   121 |       |       ||   803
       Troll leather arm |       |       |       |       |   110 |       |       ||   110
       Acid dragon scale |       |       |       |       |   166 |    93 |       ||   259
       Chain mail        |       |       |       |       |       |   445 |    22 ||   467
Dodge: Dodged            |    59 |   197 |   303 |   840 |  1026 |   879 |    37 ||  3341
       Deflected         |       |       |       |       |     2 |    31 |       ||    33
Block: Buckler           |       |       |       |    37 |   374 |   332 |     8 ||   751
